 Dungeon Crawl Stone Soup version 0.28.0-1-gb440e238dd (webtiles) character file.

Game seed: 9538318937282558222

463 issech the Cudgeller (level 6, -1/61 HPs)
             Began as a Troll Monk on Feb 19, 2022.
             Killed from afar by Blork the orc (5 damage)
             ... with a magic dart
             ... on level 4 of the Dungeon.
             The game lasted 00:17:26 (3461 turns).

issech the Cudgeller (Troll Monk)                   Turns: 3461, Time: 00:17:27

Health: -1/61      AC:  6    Str: 20    XL:     6   Next: 79%
Magic:  5/5        EV: 26    Int:  6    God:
Gold:   219        SH:  0    Dex: 14    Spells: 5/5 levels left

rFire   . . .      SeeInvis .   a - +0 mace
rCold   . . .      Faith    .   (no shield)
rNeg    . . .      Spirit   .   p - +2 robe {Archmagi}
rPois   .          Reflect  .   (helmet restricted)
rElec   .          Harm     .   (no cloak)
rCorr   .          Rampage  .   (gloves unavailable)
Will    .....      Archmagi +   (boots unavailable)
Stlth   ++........              h - amulet of the acrobat
HPRegen 1.00/turn               (no ring)
MPRegen 0.09/turn               (no ring)

@: acrobatic
A: large, unfitting armour, claws 3, regeneration 1, shaggy fur 1, tough skin 1
a: no special abilities


You were on level 4 of the Dungeon.
You visited 1 branch of the dungeon, and saw 5 of its levels.

You collected 219 gold pieces.

Inventory:

Hand Weapons
 a - a +0 mace (weapon)
 c - a +0 hunting sling
Missiles
 d - 86 stones (quivered)
 g - 40 sling bullets
 i - 116 arrows
 k - 6 poisoned darts
 n - 3 silver boomerangs
Armour
 b - a +1 robe
 p - a +2 robe of the Archmagi (worn)
Jewellery
 h - an amulet of the acrobat (around neck)
Scrolls
 j - a scroll of teleportation
 q - a scroll of blinking {unknown}
Potions
 e - 2 potions of cancellation {unknown}
 f - 2 potions of curing {unknown}
 l - a potion of brilliance {unknown}
 m - a potion of flight {unknown}
 o - a potion of ambrosia {unknown}


   Skills:
 + Level 3.5 Fighting
 + Level 5.1 Maces & Flails
 + Level 4.0 Dodging
 + Level 1.3 Stealth


You had 5 spell levels left.
You didn't know any spells.
Your spell library contained the following spells:

 Spells                   Type           Power      Damage    Failure   Level
 Magic Dart               Conj           0%         1d3       45%         1
 Call Imp                 Summ           0%         N/A       58%         2
 Mephitic Cloud           Conj/Pois/Air  0%         N/A       83%         3


Dungeon Overview and Level Annotations

Branches:
Dungeon (5/15)
 Temple: D:4-7

Altars:
Gozag
Yredelemnul
The Shining One

Annotations:
D:4 Blork the orc


Innate Abilities, Weirdness & Mutations

You are too large for most types of armour.
You have claws for hands.
Your natural rate of healing is unusually fast.
You are covered in fur. (AC +1)
You have tough skin. (AC +1)


Message History

Blork the orc hits you with a +0 long sword!
Blork the orc hits you with a +0 long sword.
You closely miss Blork the orc.
Blork the orc is heavily wounded.
Blork the orc points at you and mumbles some strange words.
The magic dart hits you.
You closely miss Blork the orc.
Blork the orc is heavily wounded.
Blork the orc miscasts a cantrip.
Blork the orc hits you with a +0 long sword.
You completely miss Blork the orc.
Blork the orc is heavily wounded.
Blork the orc hits you with a +0 long sword!
Blork the orc barely misses you.
You hit Blork the orc.
Blork the orc is severely wounded.
Blork the orc casts a spell at you. The magic dart hits you!
* * * LOW HITPOINT WARNING * * *
Blork the orc hits you with a +0 long sword.
* * * LOW HITPOINT WARNING * * *
Blork the orc miscasts a cantrip.
Blork the orc looks satisfied for a moment.
Blork the orc casts a cantrip, but nothing happens.
Blork the orc points at you and mumbles some strange words.
The puff of flame misses you. Blork the orc casts a spell at you.
The puff of frost hits you!
* * * LOW HITPOINT WARNING * * *
You see here a ball python skeleton.
You see here a hound skeleton.
Blork the orc gestures at you while chanting.
The magic dart hits you.
* * * LOW HITPOINT WARNING * * *
Blork the orc casts a spell at you. The puff of flame hits you!
* * * LOW HITPOINT WARNING * * *
Blork the orc points at you and mumbles some strange words.
The magic dart hits you.
You die...

#.#.#.....##......#..............
#.#.#..#...#......#..............
#.#.#......#..#####..............
#.#.#..#####..# #..............
#.#........#..# #..............
#.###..###.#..# #..............
#.#........#.÷# ###..............
#.#.########.o###........#######'
#...............@................
###.####........#.......#########
#.# #................# # #.#
#................# # #.#
#................######### #.#
#........#.......).†.....# #)#
#........###.....#.......#
#.####........# #.....#8.....8#
#.#...........# #.....#.......#


You could see Blork the orc (fast).

Vanquished Creatures
  An ogre (D:5)
  2 hounds (D:4)
  A centaur skeleton (D:4)
  A jelly (D:4)
  2 orc wizards (D:4)
  7 gnolls
  4 adders
  2 adder skeletons (D:4)
  A worm (D:2)
  A dart slug (D:2)
  8 orcs (D:4)
  10 ball pythons
  5 bats
  5 endoplasms
  2 giant cockroaches
  8 goblins
  6 hobgoblins
  3 jackals (D:1)
  9 kobolds
  6 quokkas
  6 frilled lizards
  4 rats
94 creatures vanquished.

Notes
Turn   | Place    | Note
-------+----------+-------------------------------------------
     0 | D:1      | issech the Troll Monk began the quest for the Orb.
     0 | D:1      | Reached XP level 1. HP: 22/22 MP: 0/0
   174 | D:1      | Reached skill level 3 in Maces & Flails
   176 | D:1      | Reached XP level 2. HP: 25/29 MP: 1/1
   483 | D:2      | Reached XP level 3. HP: 20/36 MP: 2/2
   575 | D:2      | Reached XP level 4. HP: 43/44 MP: 3/3
   669 | D:2      | Found a faded altar of an unknown god.
  1340 | D:3      | HP: 2/45 [gnoll (8)]
  1404 | D:3      | Reached skill level 4 in Maces & Flails
  1488 | D:3      | Reached XP level 5. HP: 49/53 MP: 4/4
  1663 | D:3      | Found an opulent altar of Gozag.
  2158 | D:3      | Found a glowing golden altar of the Shining One.
  2607 | D:4      | Found a basalt altar of Yredelemnul.
  2879 | D:4      | Reached XP level 6. HP: 61/61 MP: 5/5
  3362 | D:5      | Entered Level 5 of the Dungeon
  3376 | D:5      | Noticed Blork the orc
  3382 | D:5      | Reached skill level 5 in Maces & Flails
  3461 | D:4      | Killed from afar by Blork the orc

Illustrated notes

Levels and vault maps discovered:
D:1:      mrwooster_arrival_arrow, layout_rooms, minmay_tromino_mix6
D:2:      layout_loops_ring, hellmonk_ecumenical_altar_lost_god,
          nrook_mini_vaults
D:3:      layout_loops_ring, nicolae_tso_carved_into_rock,
          mainiacjoe_overflow_cross_hatched
D:4:      kennysheep_the_goblin_king, layout_basic,
          mainiacjoe_overflow_brackets, solitary_fountain
D:5:      cheibrodos_barr_body, layout_loops_cross,
          nicolae_overflow_hidden_temple, mainiacjoe_overflow_paths,
          minmay_temple_entry_slanted, serial_glass, glass_columns_a,
          glass_columns_b, glass_columns_a, grunt_ministairs_6, st_stairs_1,
          uniq_eustachio, uniq_blork_the_orc, uniq_edmund

Skill      XL: |  1  2  3  4  5  6 |
---------------+-------------------+-----
Maces & Flails | 3 4 5 |  5.1
Dodging        | 3 4 |  4.0
Fighting       | 3 |  3.5
Stealth        | |  1.3

Action                   |  1- 3 |  4- 6 || total
-------------------------+-------+-------++-------
Melee: Mace              |   103 |   284 ||   387
       Punch             |       |     3 ||     3
Throw: Stone             |       |     2 ||     2
  Use: Scroll            |       |     2 ||     2
 Stab: Sleeping          |     1 |     7 ||     8
Armor: Robe              |    47 |    76 ||   123
Dodge: Dodged            |    76 |   200 ||   276
